 Dungeon Crawl Stone Soup version 0.28.0-43-g3370ac3207 (webtiles) character file.

Game seed: 12623633366152578783

21 graymark the Poker (level 2, 0/28 HPs)
             Began as a Naga Chaos Knight on Mar 2, 2022.
             Was a Plaything of Xom.
             Slain by a cane toad (shapeshifter) (3 damage)
             ... on level 1 of the Dungeon.
             The game lasted 00:01:19 (920 turns).

graymark the Poker (Naga Chaos Knight)               Turns: 920, Time: 00:01:20

Health: 0/28       AC:  4    Str: 14    XL:     2   Next: 87%
Magic:  2/2        EV:  9    Int: 12    God:    Xom [..*...]
Gold:   47         SH:  0    Dex: 10    Spells: 1/1 levels left

rFire   . . .      SeeInvis +   a - +0 spear (chaos)
rCold   . . .      Faith    .   (no shield)
rNeg    . . .      Spirit   .   b - +2 leather armour
rPois   +          Reflect  .   (no helmet)
rElec   .          Harm     .   (no cloak)
rCorr   .          Rampage  .   (no gloves)
Will    .....                   (no barding)
Stlth   +.........              (no amulet)
HPRegen 0.09/turn               (no ring)
MPRegen 0.08/turn               (no ring)

@: very slow
A: AC +0, large, see invisible, deformed body, poison resistance, slowness 2,
spit poison 1, naga tail 1
a: Spit Poison, Renounce Religion


You were on level 1 of the Dungeon.
You worshipped Xom.
You were a toy of Xom.
You visited 1 branch of the dungeon, and saw 1 of its levels.

You collected 47 gold pieces.

Inventory:

Hand Weapons
 a - a +0 spear of chaos (weapon)
Armour
 b - a +2 leather armour (worn)
 c - a +1 ring mail of poison resistance
Scrolls
 d - a scroll of amnesia {unknown}
 e - a scroll of fog {unknown}
 f - a scroll of enchant armour {unknown}
 g - a scroll of enchant weapon {unknown}


   Skills:
 * Level 3.2 Fighting
 * Level 3.2 Polearms
 * Level 1.9 Armour
 * Level 1.2 Dodging
 + Level 0.9 Stealth


You had one spell level left.
You didn't know any spells.
Your spell library was empty.

Dungeon Overview and Level Annotations

Branches:
Dungeon (1/15)

Altars:


Innate Abilities, Weirdness & Mutations

Your serpentine skin is tough. (AC +0)
You have supernaturally acute eyesight. (SInv)
Armour fits poorly on your strangely shaped body.
Your system is resistant to poisons. (rPois)
You cover ground very slowly.
You can spit poison.
You have a snake-like lower body.


Message History

Found a stone staircase leading down.
There is a stone staircase leading down here.
You now have 47 gold pieces (gained 10).
An endoplasm comes into view.
The endoplasm quivers.
You hit the endoplasm but do no damage.
The endoplasm suddenly seems more agile.
Xom is highly amused!
The endoplasm barely misses you.
You hit the endoplasm but do no damage.
Xom is highly amused!
Nothing appears to happen.
The endoplasm freezes you.
You are frozen.
You barely miss the endoplasm.
The endoplasm hits you but does no damage.
You hit the endoplasm but do no damage.
The endoplasm seems to speed up.
The endoplasm freezes you.
You are frozen.
The endoplasm hits you.
You hit the endoplasm but do no damage. The endoplasm barely misses you.
An endoplasm is nearby!
You hit the endoplasm.
The endoplasm changes into a shapeshifter!
Xom thinks this is hilarious!
The shapeshifter is severely wounded.
The shapeshifter changes into a cane toad!
You hit the cane toad but do no damage.
The cane toad is severely wounded.
The cane toad stings you!
Ouch! That really hurt!
* * * LOW HITPOINT WARNING * * *
You are too injured to fight recklessly!
You are too injured to fight recklessly!
You are too injured to fight recklessly!
You are too injured to fight recklessly!
You hit the cane toad but do no damage.
The cane toad is severely wounded.
The cane toad stings you.
You die...
Xom howls with laughter!

......#.#########..######.
#.# [..##..#.## #..# #.#
#.###.###.#######..# #.#
#.##.## ##.........# #.#
#.###.###.########.#
#.####
..####.#.#########.#
#...>†
#....##............#
######
####.################### #
#............@F.....# ..#
# ###################.#
#.# # #.# #.# # #.# #.# #
#.# #.# # ####.# #.# #
#....# #.# ##
#.##.#####.#### .#
#.#.#..........


You could see a cane toad shaped shifter.

Vanquished Creatures
  A ball python (D:1)
  An endoplasm (D:1)
  A giant cockroach (D:1)
  4 goblins (D:1)
  A hobgoblin (D:1)
  3 kobolds (D:1)
  2 quokkas (D:1)
  A bat (D:1)
  3 frilled lizards (D:1)
  3 rats (D:1)
20 creatures vanquished.

Notes
Turn   | Place    | Note
-------+----------+-------------------------------------------
     0 | D:1      | graymark the Naga Chaos Knight began the quest for the Orb.
     0 | D:1      | Reached XP level 1. HP: 21/21 MP: 1/1
   143 | D:1      | Reached skill level 1 in Dodging
   144 | D:1      | Reached XP level 2. HP: 28/28 MP: 2/2
   457 | D:1      | XOM: silly message
   918 | D:1      | Noticed a shapeshifter
   918 | D:1      | an endoplasm changed into a shapeshifter
   918 | D:1      | Noticed a cane toad
   918 | D:1      | a shapeshifter changed into a cane toad
   920 | D:1      | Slain by a cane toad (shapeshifter)

Illustrated notes

Levels and vault maps discovered:
D:1:      zelgadis_glass_arrival_small, layout_loops_ring

Skill      XL: |  1 |
---------------+----+-----
Dodging        | 1 |  1.2
Fighting       | |  3.2
Polearms       | |  3.2
Armour         | |  1.9
Stealth        | |  0.9

Action                   || total
-------------------------++-------
Melee: Spear             ||    78
Armor: Leather armour    ||    17
Dodge: Dodged            ||    16
